[Event "Betsys MČR v online bleskovém šachu 2021"]
[Site "Chess.com"]
[Date "2021.04.17"]
[Round "3"]
[White "VojtaT"]
[Black "Johanna94"]
[Result "1/2-1/2"]
[WhiteElo "1737"]
[BlackElo "2073"]
[TimeControl "180+1"]
[EndTime "9:27:40 PDT"]
[Termination "Remíza opakováním pozice"]

1. e4 c6 2. d4 d5 3. f3 dxe4 4. fxe4 e5 5. Nf3 exd4 6. Bc4 Bb4+ 7. c3 dxc3 8. Qxd8+ Kxd8 9. bxc3 Bc5 10. Bxf7 Ke7 11.
Bb3 Nf6 12. Bg5 h6 13. Bxf6+ gxf6 14. Nbd2 Nd7 15. Nh4 Ne5 16. Ndf3 Rd8 17. Ke2 Nxf3 18. gxf3 Be6 19. Rhd1 Rxd1 20. Rxd1 Bd6 21. Ke3 Bxh2 22. Rh1 Bd6 23. Rd1 Bc5+ 24. Ke2 a6 25. Ng6+ Kf7 26. Nf4 Bxb3 27. axb3 Re8 28. Nd3 Re7 29.
Nxc5 Re5 30. Nd3 Rb5 31. b4 Rh5 32. Rf1 b6 33. Ke3 Ke6 34. f4 Rh3+ 35. Kd4 Kd6 36. Rg1 c5+ 37. bxc5+ bxc5+ 38. Nxc5 Rh2 39. Nxa6 Rd2+ 40.
Ke3 Ra2 41. Nb4 Ra3 42. Kd4 Ra4 43. Rd1 Ke6 44. f5+ Kf7 45. Kc5 Ra5+ 46. Kb6 Ra8 47.
Rd7+ Kg8 48. Kc6 h5 49. Rd3 Rc8+ 50. Kd7 Rc4 51. Re3 Kg7 52. Nd5 h4 53. Ke6 Rc6+ 54. Kd7 Rc4 55. Ke6 Rc6+ 56. Kd7 Rc4 1/2-1/2

[Event "Betsys MČR v online bleskovém šachu 2021"]
[Site "Chess.com"]
[Date "2021.04.17"]
[Round "3"]
[White "Pantata007"]
[Black "DiscoSTU666"]
[Result "1-0"]
[WhiteElo "2272"]
[BlackElo "1887"]
[TimeControl "180+1"]
[EndTime "9:27:41 PDT"]
[Termination "Uživatel Pantata007 zvítězil matem"]

1. d4 Nf6 2. c4 g6 3. Nc3 Bg7 4. e4 d6 5. Be2 O-O 6. Bg5 h6 7. Be3 Nc6 8. d5 Nb8 9. Qd2 c5 10. Bxh6 Na6 11. h4 Nc7 12. h5 a6 13. hxg6 fxg6 14. Bxg7 Kxg7 15. Qh6+ Kf7 16. Nf3 Rg8 17. e5 Ng4 18. e6+ Bxe6 19. dxe6+ Nxe6 20. Ng5+ Nxg5 21. Qxg5 Ne5 22. f4 Nd7 23. Bg4 Nf6 24. O-O-O b5 25. Rhe1 Kf8 26. Be6 Rg7 27. cxb5 axb5 28. Nxb5 Ra3 29.
Nxa3 Qa5 30. Kb1 Qb4 31. Nc2 Qb6 32. g3 Qb4 33. Qh4 Qb6 34. Qh8+ Ng8 35. Bxg8 Rxg8 36. Qh6+ Rg7 37. Qg5 Qb7 38. f5 c4 39. fxg6 c3 40.
Qf4+ Kg8 41. b3 Qg2 42. Qc4+ Kf8 43. Qxc3 e5 44. Rf1+ Ke7 45. Qc7+ Ke6 46. Qxd6# 1-0

[Event "Betsys MČR v online bleskovém šachu 2021"]
[Site "Chess.com"]
[Date "2021.04.17"]
[Round "3"]
[White "PetrVelicka"]
[Black "Michelangelo111"]
[Result "1-0"]
[WhiteElo "2387"]
[BlackElo "2122"]
[TimeControl "180+1"]
[EndTime "9:27:42 PDT"]
[Termination "Uživatel PetrVelicka zvítězil na čas"]

1. e4 c5 2. Nf3 Nc6 3. d4 cxd4 4.
Nxd4 g6 5. c4 Bg7 6. Be3 Nf6 7.
Nc3 O-O 8. Be2 d6 9. O-O Bd7 10. Nc2 Rc8 11. Qd2 Ne5 12. Na3 Neg4 13. Bf4 Bc6 14. f3 Ne5 15. Rac1 Nfd7 16. Rfd1 b6 17. Nab5 Bxb5 18. Nxb5 a6 19. Na3 Nc5 20. Be3 h5 21. b3 Qc7 22. Nc2 Kh7 23. Nb4 Qb7 24.
Nd5 a5 25. Kh1 Rfd8 26. h3 Rb8 27. Nc3 Qc8 28. Nb5 Rd7 29. Nd4 Qf8 30. Rb1 Rc7 31. Nb5 Rcb7 32. Nc3 Bh6 33. f4 Nc6 34. Bf3 Rd8 35. a3 e5 36. b4 axb4 37. axb4 Ne6 38. g3 exf4 39. gxf4 Qe7 40. Nd5 Qh4 41. Bg2 Ne7 42.
Nxe7 Qxe7 43. f5 Bxe3 44. Qxe3 Ng7 45. fxg6+ fxg6 46. e5 dxe5 47. Rxd8 Qxd8 48. Bxb7 1-0

[Event "Betsys MČR v online bleskovém šachu 2021"]
[Site "Chess.com"]
[Date "2021.04.17"]
[Round "3"]
[White "rakintsev"]
[Black "hever99"]
[Result "0-1"]
[WhiteElo "1772"]
[BlackElo "2149"]
[TimeControl "180+1"]
[EndTime "9:27:42 PDT"]
[Termination "Uživatel hever99 zvítězil po vzdání soupeře"]

1. e4 c5 2. Nf3 d6 3. Bc4 e6 4. Nc3 a6 5. a4 Nc6 6. O-O Nf6 7.
d3 h6 8. Bd2 d5 9. exd5 exd5 10. Bb3 Be7 11. Re1 O-O 12. Ne2 Bg4 13. Ng3 Nd4 14.
Re3 Bd6 15. Qe1 Bf4 16. Nxd4 Bxe3 17. Bxe3 cxd4 18. Bxd4 Re8 19. Qd2 Qd6 20. h3 Bd7 21. Rf1 a5 22. Qc3 Rec8 23. Qd2 b5 24. axb5 a4 25. Ba2 Bxb5 26. c3 a3 27. b4 Qa6 28.
Nf5 Bxd3 29. Ne7+ Kh7 30. Nxc8 Bxf1 31. Ne7 Bc4 32. Bxf6 Qxf6 33. Nxd5 Bxd5 34. Qxd5 Rd8 35. Bb1+ Kg8 36. Qe4 Rd1+ 37. Kh2 Qd6+ 38. g3 Qd8 39. Qe8+ Qxe8 40. Bh7+ Kxh7 41. Kg2 Qe7 42. h4 Qe6 0-1

[Event "Betsys MČR v online bleskovém šachu 2021"]
[Site "Chess.com"]
[Date "2021.04.17"]
[Round "3"]
[White "Bancroft"]
[Black "Adam20032007"]
[Result "1-0"]
[WhiteElo "1941"]
[BlackElo "1536"]
[TimeControl "180+1"]
[EndTime "9:27:42 PDT"]
[Termination "Uživatel Bancroft zvítězil matem"]

1. Nc3 d5 2. e4 dxe4 3. Nxe4 Nf6 4. Nxf6+ exf6 5. d4 Bd6 6. Bd3 O-O 7. Ne2 c5 8.
dxc5 Bxc5 9. O-O Nc6 10. Bf4 Bg4 11. c3 Re8 12. Qc2 Bxe2 13. Bxe2 Qb6 14. Bf3 Rad8 15.
Rad1 Ne5 16. Be4 Ng6 17. Bg3 Rxd1 18. Rxd1 Rd8 19. Rxd8+ Qxd8 20. Qd3 Qxd3 21. Bxd3 Ne5 22. Be4 b6 23. b3 a5 24. a4 h6 25. Kf1 Kf8 26.
Ke2 Ke7 27. h3 Ke6 28. f4 Nd7 29. Bd3 f5 30. Bc4+ Ke7 31. Bf2 Bxf2 32. Kxf2 f6 33.
b4 Kd6 34. Ke3 Nb8 35. Bb5 Nc6 36. Bxc6 Kxc6 37. Kd4 g5 38. g3 Kd6 39. Kc4 h5 40.
Kb5 axb4 41. cxb4 Kc7 42. a5 bxa5 43. bxa5 h4 44. gxh4 gxf4 45. Kc4 f3 46. Kd3 f4 47. h5 Kc6 48. h6 Kb5 49. h7 Kc6 50. h8=Q Kb5 51.
Qxf6 Kxa5 52. Qxf4 f2 53. Qxf2 Kb5 54. Qd4 Kc6 55.
Kc4 Kc7 56. Qf6 Kb7 57. Kc5 Kc8 58. Qf7 Kd8 59. Kd6 Kc8 60. Qc7# 1-0

[Event "Betsys MČR v online bleskovém šachu 2021"]
[Site "Chess.com"]
[Date "2021.04.17"]
[Round "3"]
[White "Dvacetsekund"]
[Black "HonzaRubes95"]
[Result "0-1"]
[WhiteElo "2194"]
[BlackElo "2516"]
[TimeControl "180+1"]
[EndTime "9:27:43 PDT"]
[Termination "Uživatel HonzaRubes95 zvítězil po vzdání soupeře"]

1. e4 c5 2. Nf3 Nc6 3. Nc3 e5 4. Bc4 Be7 5. d3 Nf6 6. Nd2 d6 7. Nf1 O-O 8. Ne3 Nd7 9. O-O Nb6 10. a4 Nd4 11. Ncd5 Nxd5 12. Nxd5 Bg5 13. c3 Bxc1 14.
Rxc1 Nc6 15. f4 exf4 16. Nxf4 Ne5 17. Bd5 Rb8 18. h3 b5 19. d4 cxd4 20. cxd4 Ng6 21.
axb5 Rxb5 22. Nxg6 hxg6 23. b3 Be6 24. Bxe6 fxe6 25.
Qg4 Rxf1+ 26. Rxf1 Qe8 27. Rf3 Rb4 28. Rd3 Rb8 29. Kh2 a5 30. d5 e5 31. Rc3 Qf7 32. Rc6 Qf6 33. Rc8+ Rxc8 34. Qxc8+ Kh7 35. Qg4 g5 36.
Kg3 Qf4+ 37. Qxf4 gxf4+ 38. Kg4 Kg6 39. h4 Kh6 40. Kh3 Kh5 41. g3 fxg3 42. Kxg3 g5 43.
hxg5 Kxg5 44. Kf3 Kh4 45. Kf2 Kg4 46. Ke3 Kg3 47. Ke2 Kf4 48. Kd3 Kf3 49. Kc4 Kxe4 50. Kb5 Kd4 51. Kxa5 e4 0-1

[Event "Betsys MČR v online bleskovém šachu 2021"]
[Site "Chess.com"]
[Date "2021.04.17"]
[Round "3"]
[White "sachistamartin"]
[Black "ikovacs"]
[Result "1-0"]
[WhiteElo "1450"]
[BlackElo "1047"]
[TimeControl "180+1"]
[EndTime "9:27:45 PDT"]
[Termination "Uživatel sachistamartin zvítězil na čas"]

1. c4 c5 2. Nc3 e5 3. Nf3 Nf6 4. d3 Nc6 5. b3 g6 6. Bb2 Bg7 7. g3 O-O 8. Bg2 d5 9. e3 d4 10. Ne2 Bg4 11. O-O Rb8 12. e4 Qd7 13. Qd2 Bh3 14.
a3 Bxg2 15. Kxg2 a5 16. b4 axb4 17. axb4 b6 18. bxc5 bxc5 19. Ba3 Nb4 20. Nxe5 Qa4 21.
Bxb4 Qxb4 22. Qxb4 Rxb4 23. f4 Rfb8 24. Nc6 Rb2 25.
Nxb8 Rxe2+ 26. Rf2 Re3 27. Ra8 Ng4 28. Nd7+ Bf8 29.
Rxf8+ Kg7 30. Rb2 Rxd3 31. Rbb8 Rd2+ 32. Kh3 Nf6 33. Nxf6 Kxf6 34. Rb7 d3 35. Rbxf7+ Ke6 36. f5+ Ke5 37. Re8+ Kd4 38. Rd7+ Kc3 39. Red8 Rd1 40. Rxd3+ Rxd3 41. Rxd3+ Kxd3 42. e5 gxf5 43. e6 Kxc4 44. e7 Kb4 45. e8=Q c4 46. Qe1+ c3 47. Kh4 1-0

[Event "Betsys MČR v online bleskovém šachu 2021"]
[Site "Chess.com"]
[Date "2021.04.17"]
[Round "3"]
[White "JakubPulpan"]
[Black "fera_v"]
[Result "1-0"]
[WhiteElo "2717"]
[BlackElo "2246"]
[TimeControl "180+1"]
[EndTime "9:27:46 PDT"]
[Termination "Uživatel JakubPulpan zvítězil po vzdání soupeře"]

1. Nf3 Nf6 2. b3 g6 3. Bb2 Bg7 4. g3 d6 5. d4 O-O 6. Bg2 c6 7. Nbd2 Nbd7 8. O-O a5 9. a4 Qc7 10. e4 e5 11. dxe5 dxe5 12. Re1 Re8 13. Nc4 Bf8 14.
Qd2 Bb4 15. Bc3 Bxc3 16. Qxc3 b6 17. Rad1 Ba6 18. Nd6 Re7 19. Bh3 Rd8 20. Ng5 Nc5 21.
Ndxf7 Rxf7 22. Rxd8+ Qxd8 23. Nxf7 Kxf7 24. Qxe5 Qe7 25.
Qd4 Ncxe4 26. Bg2 Qc5 27. Rxe4 Nxe4 28. Qxe4 Bb7 29. h4 Qd6 30. Bf3 h6 31. h5 Kg7 32.
hxg6 Qxg6 33. Qd4+ Qf6 34. Qxb6 Qxf3 35. Qxb7+ Kg6 36.
c4 Qd1+ 37. Kg2 Qd6 38. Qb6 Qe6 39. Qe3 Qd6 40. Qe4+ Kg7 41. Qf3 Kg6 42. g4 Kg7 43. Qc3+ Kg6 44. Qxa5 Qd4 45. Qf5+ Kg7 46. a5 Qc3 47. a6 Qxb3 48. a7 Qa4 49. Qd7+ Kf6 50. Qd8+ Kg6 51. a8=Q Qxc4 52. Qg8+ 1-0

[Event "Betsys MČR v online bleskovém šachu 2021"]
[Site "Chess.com"]
[Date "2021.04.17"]
[Round "3"]
[White "JanBaraCZE"]
[Black "YawningBagel"]
[Result "0-1"]
[WhiteElo "1586"]
[BlackElo "1933"]
[TimeControl "180+1"]
[EndTime "9:27:46 PDT"]
[Termination "Uživatel YawningBagel zvítězil matem"]

1. d4 Nf6 2. c4 c5 3. dxc5 e6 4. Nc3 Bxc5 5. Nf3 Nc6 6. Bg5 O-O 7.
a3 Be7 8. g3 b6 9. Bg2 Bb7 10.
O-O d6 11. b4 Rc8 12. Nd2 Qc7 13. Qb3 a6 14. Rac1 Nd4 15. Qb2 Bxg2 16. Kxg2 Qb7+ 17. Kg1 Nc6 18. Nde4 Nxe4 19. Nxe4 Bxg5 20. Nxg5 Ne5 21. Qc2 g6 22. Qb3 h6 23. f4 hxg5 24. fxe5 dxe5 25.
Qf3 Qxf3 26. Rxf3 Kg7 27. Rfc3 Kf6 28. Kf2 Rfd8 29. Rf1 Ke7 30. Rfc1 f5 31. c5 bxc5 32. Rxc5 Rxc5 33. Rxc5 Rd7 34. Rc6 Ra7 35. Rb6 a5 36.
bxa5 Rxa5 37. Rb3 e4 38. e3 Kf6 39. h3 Ra6 40. g4 f4 41. exf4 gxf4 42. Rb4 Rxa3 43.
Rxe4 e5 44. Rc4 Ra5 45. Rc1 Kg5 46. Rh1 e4 47. h4+ Kxg4 48. Rg1+ Kxh4 49. Rxg6 Ra2+ 50. Ke1 e3 51. Rg8 f3 52. Rf8 Kg4 53. Rg8+ Kf4 54. Rf8+ Ke4 55. Re8+ Kd4 56. Rd8+ Kc5 57. Rc8+ Kd6 58.
Rf8 Ra1# 0-1

[Event "Betsys MČR v online bleskovém šachu 2021"]
[Site "Chess.com"]
[Date "2021.04.17"]
[Round "3"]
[White "Ladislav1969"]
[Black "jarda1955"]
[Result "1-0"]
[WhiteElo "2326"]
[BlackElo "1992"]
[TimeControl "180+1"]
[EndTime "9:27:47 PDT"]
[Termination "Uživatel Ladislav1969 zvítězil na čas"]

1. e4 c6 2. d4 d5 3. e5 Bf5 4. Nd2 c5 5. dxc5 e6 6. Nb3 Ne7 7. Nf3 Nec6 8. Be3 Bg4 9. Bd4 Nd7 10. Bb5 Bxf3 11. gxf3 Qc7 12. Bxc6 Qxc6 13. Rg1 g6 14.
Qd3 Bxc5 15. f4 Rc8 16. O-O-O Bxd4 17. Nxd4 Qc4 18. Qa3 a6 19. Rg3 Qc5 20. Rc3 Qxa3 21. Rxc8+ Ke7 22. Rxh8 Qxa2 23. Nb3 Qa4 24. Rd4 Qb5 25.
Rxh7 Qf1+ 26. Rd1 Qxf2 27. Kb1 Qxf4 28. Nd4 Nxe5 29. c3 Qf2 30. Rh8 Nc4 31. Nc2 Qe2 32.
Re1 Qf2 33. Rb8 Nd6 34. Kc1 Qxh2 35. Nd4 Qf4+ 36. Kb1 Qf2 37. Rd1 g5 38. Rg8 f6 39.
Rg7+ Kf8 40. Rd7 Ke8 41. Rxd6 Qg3 42. Rxe6+ Kf7 43. Re2 Kg6 44. Rde1 f5 45. Kc1 f4 46.
Re6+ 1-0

[Event "Betsys MČR v online bleskovém šachu 2021"]
[Site "Chess.com"]
[Date "2021.04.17"]
[Round "3"]
[White "mravecuk"]
[Black "JJ95"]
[Result "1-0"]
[WhiteElo "2264"]
[BlackElo "2004"]
[TimeControl "180+1"]
[EndTime "9:27:49 PDT"]
[Termination "Uživatel mravecuk zvítězil na čas"]

1. d4 d5 2. Nc3 Nc6 3. Bf4 Nf6 4.
Nb5 e5 5. Bxe5 Nxe5 6. dxe5 Ng4 7. Qxd5 c6 8. Qxd8+ Kxd8 9. Rd1+ Bd7 10. Nd6 Nxe5 11. Nf3 Bxd6 12. Rxd6 Nc4 13. Rd4 Nb6 14. Ne5 Ke7 15.
Nxd7 Nxd7 16. e3 Rad8 17. Be2 Nc5 18. f3 Ne6 19. Rxd8 Rxd8 20. Bc4 b5 21. Bxe6 Kxe6 22. Ke2 Rd5 23. Rd1 Rg5 24. g4 h5 25. h4 Rc5 26. c3 hxg4 27. fxg4 Rc4 28. Rd4 Rc5 29. Kf3 f5 30. g5 g6 31. Kf4 Re5 32. e4 c5 33. Rd8 Rxe4+ 34. Kg3 Re2 35. Rc8 Rxb2 36. Rc6+ Kf7 37. Rxc5 Rxa2 38. Rxb5 Rc2 39. Rb7+ Ke6 40. Rb3 Rc1 41. Ra3 a5 42. Rxa5 Rxc3+ 43. Kg2 Rc4 44. Ra6+ Kf7 45. Kg3 Rc3+ 46. Kf4 Rc4+ 47. Ke5 Rxh4 48.
Ra7+ Kf8 49. Kf6 Ke8 50. Ra8+ Kd7 51. Kxg6 f4 52. Rf8 Rg4 53. Kh5 1-0

[Event "Betsys MČR v online bleskovém šachu 2021"]
[Site "Chess.com"]
[Date "2021.04.17"]
[Round "3"]
[White "malviny"]
[Black "Vojta0007"]
[Result "1-0"]
[WhiteElo "1162"]
[BlackElo "1481"]
[TimeControl "180+1"]
[EndTime "9:27:49 PDT"]
[Termination "Uživatel malviny zvítězil na čas"]

1. e4 c5 2. Nf3 Nc6 3. d4 cxd4 4.
Nxd4 d6 5. Nc3 Nf6 6. Bb5 Bd7 7. O-O e6 8. Bg5 Be7 9. Re1 O-O 10. e5 dxe5 11. Nxc6 bxc6 12. Ba6 Qb6 13. Bc4 Rfd8 14. Bb3 h6 15. Bh4 Bc8 16. Qf3 Bb7 17. Rxe5 c5 18.
Qe2 Qc6 19. f3 c4 20. Ba4 Qc7 21. Bg3 Bd6 22. Nb5 Bc5+ 23. Kf1 Qe7 24. Qxc4 Bd6 25. Nxd6 Rxd6 26. Rb5 Rd7 27. Re5 Bd5 28. Qb5 Rdd8 29. Qa6 Rab8 30. b3 Bb7 31. Qe2 a5 32. Qe3 Ra8 33. Qe2 Ba6 34. Kf2 Bxe2 35. Rxe2 Rac8 36. Rae1 Rc7 37. Re3 Rdc8 38. R3e2 Rxc2 39. Rxc2 Rxc2+ 40. Re2 Rxe2+ 41. Kxe2 Qa7 42. Kf1 Qa6+ 43. Ke1 Qa7 44. Kd2 1-0

[Event "Betsys MČR v online bleskovém šachu 2021"]
[Site "Chess.com"]
[Date "2021.04.17"]
[Round "3"]
[White "Jeff_CZE"]
[Black "Maximon2012"]
[Result "1-0"]
[WhiteElo "1856"]
[BlackElo "1096"]
[TimeControl "180+1"]
[EndTime "9:27:52 PDT"]
[Termination "Uživatel Jeff_CZE zvítězil na čas"]

1. d4 d5 2. c4 e6 3. Nf3 Nc6 4. g3 Bd6 5. Bg2 Bd7 6. O-O Nf6 7. b3 Bb4 8. Bb2 Qe7 9. Nbd2 O-O 10. Rc1 dxc4 11. bxc4 Bxd2 12. Nxd2 e5 13. d5 Nd4 14. Bxd4 exd4 15. Nf3 Qc5 16. Qxd4 Qxd4 17. Nxd4 Rae8 18. Rfe1 h6 19. e4 Ng4 20. f4 c6 21. h3 Nf6 22. e5 Nh7 23. dxc6 bxc6 24. Nxc6 Bxc6 25. Bxc6 Rc8 26. Bd5 Rfd8 27. e6 Rc7 28. exf7+ Kf8 29.
Re4 Rxd5 30. Re8+ Kxf7 31. Re4 Rdc5 32. Kf2 Nf6 33. Rd4 Ke6 34. Ke3 R5c6 35. g4 Ne8 36. f5+ Kf7 37. Kf4 Kf8 38. h4 Kf7 39. g5 Kf8 40. g6 Nf6 41. Re1 Rc8 42. Kf3 Rxc4 43.
Rd6 Ne8 44. Rd7 Kg8 45. Ree7 Kh8 46. Rxa7 Rd8 47. Rad7 Rdc8 48. a4 R4c5 49. Ra7 Rb8 50. a5 Rbc8 51. a6 Rb8 52. Rab7 Ra8 53. a7 Rcc8 54.
Rec7 Kg8 55. Rf7 1-0

[Event "Betsys MČR v online bleskovém šachu 2021"]
[Site "Chess.com"]
[Date "2021.04.17"]
[Round "3"]
[White "jachym08"]
[Black "avsokol"]
[Result "1/2-1/2"]
[WhiteElo "2180"]
[BlackElo "2395"]
[TimeControl "180+1"]
[EndTime "9:27:53 PDT"]
[Termination "Remíza opakováním pozice"]

1. d4 Nf6 2. c4 g6 3. Nc3 Bg7 4. e4 d6 5. h3 O-O 6. Nf3 e5 7. d5 a5 8. Be3 Na6 9. Be2 Nh5 10. g3 c6 11. Nd2 Nf6 12. g4 Nd7 13. a3 Ndc5 14. b4 Nd7 15. Rb1 axb4 16. axb4 c5 17. bxc5 Ndxc5 18. Nb5 f5 19. gxf5 gxf5 20. Rg1 f4 21.
Bxc5 Nxc5 22. Bg4 Qh4 23. Qf3 Rf6 24. Nc7 Rb8 25. Ke2 Rg6 26. Bf5 Rg5 27. Bxc8 Rxc8 28.
Nb5 Rd8 29. Ra1 Qh6 30. Rxg5 Qxg5 31. Nf1 h6 32. Nd2 Qg6 33. Rf1 Kh7 34. Qg4 Qxg4+ 35. hxg4 Bf8 36. Ra1 Be7 37. f3 Kg6 38. Rh1 Rh8 39. Rh5 Nd7 40. Nc7 Nf6 41. Rh1 Rc8 42.
Ne6 Ra8 43. Rb1 Ra7 44. Nb3 Nd7 45. Nd2 Kf7 46. Rh1 Kg6 47. Rb1 Kf7 48. Nc7 Kg6 49.
Ne6 1/2-1/2

[Event "Betsys MČR v online bleskovém šachu 2021"]
[Site "Chess.com"]
[Date "2021.04.17"]
[Round "3"]
[White "FBingoPlayer"]
[Black "Rognort"]
[Result "0-1"]
[WhiteElo "2187"]
[BlackElo "1803"]
[TimeControl "180+1"]
[EndTime "9:27:57 PDT"]
[Termination "Uživatel Rognort zvítězil na čas"]

1. Nc3 d5 2. e4 d4 3. Nce2 e5 4. Ng3 c5 5. Bc4 Nc6 6. Nf3 Bg4 7.
h3 Be6 8. Bxe6 fxe6 9. d3 Nf6 10. O-O h6 11. Nh4 Qc7 12. Ng6 Rg8 13. f4 Bd6 14. f5 exf5 15. Nxf5 O-O-O 16. Bd2 Ne7 17. Ngxe7+ Bxe7 18. Qf3 Rdf8 19. Qg3 Bd8 20. Rf2 Ne8 21. Raf1 Bf6 22. a3 Nd6 23. Nxh6 gxh6 24. Rxf6 Rxg3 25. Rxf8+ Kd7 26. Rh8 Kc6 27. Rxh6 Qg7 28. Rf2 Kc7 29. Kh2 Rg6 30. Rh5 Nf7 31. b4 b6 32. bxc5 bxc5 33. Rhf5 Nh6 34. Rf8 Rxg2+ 35. Rxg2 Qxf8 36. Ba5+ Kc6 37. Bd2 Kb5 38. c3 dxc3 39. Bxc3 Nf7 40. Rb2+ Kc6 41. a4 Qg7 42. Rg2 Qh6 43.
Bd2 Qh4 44. Be3 Nd6 45. Rg6 Qe1 46. Bg5 Qe2+ 47. Kg3 Qxd3+ 48. Kg4 c4 49. Be7 c3 0-1

[Event "Betsys MČR v online bleskovém šachu 2021"]
[Site "Chess.com"]
[Date "2021.04.17"]
[Round "3"]
[White "EDA16"]
[Black "121pepa"]
[Result "0-1"]
[WhiteElo "922"]
[BlackElo "1417"]
[TimeControl "180+1"]
[EndTime "9:27:57 PDT"]
[Termination "Uživatel 121pepa zvítězil na čas"]

1. d4 Nf6 2. c4 g6 3. Nc3 Bg7 4. Bg5 O-O 5. e3 d6 6. Bd3 Na6 7. Nf3 c5 8. d5 Nc7 9. Qc2 a6 10.
O-O Rb8 11. Rfe1 Bd7 12. Re2 Qe8 13. Rae1 b5 14. cxb5 axb5 15. Bxf6 Bxf6 16. Ne4 Bg7 17. a3 Nxd5 18. b4 c4 19. Bxc4 bxc4 20. Qxc4 Nb6 21.
Qc2 Bf5 22. Nh4 Rc8 23. Qb1 Be6 24. Ng5 Bc4 25. Rc2 Bd3 26. Rxc8 Bxb1 27. Rxe8 Rxe8 28.
Rxb1 Bf6 29. Ngf3 e6 30. Ra1 g5 31. Rc1 gxh4 32. h3 Rc8 33. Rxc8+ Nxc8 34. a4 Bc3 35. b5 Nb6 36. Nd4 Bxd4 37. exd4 Nxa4 38.
Kf1 f5 39. Ke2 Kf7 40. Kd3 e5 41. d5 Nb6 42. Kc3 f4 43. Kb4 Nxd5+ 44. Ka5 Kf6 45.
b6 Nxb6 46. Kxb6 e4 47. Kc6 Ke5 48. Kb5 Kd4 49. Kc6 d5 50. Kb5 Kc3 51. Kc5 d4 52.
Kd5 d3 53. Kxe4 d2 54. Kxf4 d1=Q 55. Kg5 Qd5+ 56. Kxh4 Qxg2 57. f4 Kd4 58. Kh5 Qg6+ 59. Kh4 Ke4 0-1

[Event "Betsys MČR v online bleskovém šachu 2021"]
[Site "Chess.com"]
[Date "2021.04.17"]
[Round "3"]
[White "FaceOfLightning"]
[Black "indebol"]
[Result "1-0"]
[WhiteElo "1933"]
[BlackElo "1546"]
[TimeControl "180+1"]
[EndTime "9:28:04 PDT"]
[Termination "Uživatel FaceOfLightning zvítězil matem"]

1. Nf3 c5 2. g3 d5 3. Bg2 Nc6 4. d3 Nf6 5. O-O e6 6. Qe1 Be7 7. e4 dxe4 8. dxe4 Qc7 9. e5 Nd5 10.
Nc3 Nxc3 11. Qxc3 b6 12. Bf4 O-O 13. a3 Bb7 14. Rfe1 Rad8 15. Rad1 Rd7 16. Rxd7 Qxd7 17. Ng5 h6 18. Ne4 Rd8 19. Nd6 Na5 20. Rd1 Bxg2 21. Kxg2 Qc6+ 22. Kg1 Nb7 23. Qd3 f6 24. Qg6 Nxd6 25.
exd6 Bf8 26. h4 e5 27. Bxh6 Rxd6 28. Re1 Qd5 29. Be3 e4 30. h5 f5 31. Qe8 Qe6 32. Qa8 Kf7 33. Qxa7+ Rd7 34. Qb8 Qh6 35. Bxh6 gxh6 36.
Qxb6 Rd2 37. Qg6+ Ke7 38. Qxf5 Rxc2 39. Qxe4+ Kd8 40. Qxc2 Bd6 41. Rd1 Kc7 42. Qg6 Be5 43. Qf7+ Kc6 44. Qd7+ Kb6 45. a4 Bd4 46. Qb5+ Kc7 47. a5 Kd6 48. Qb6+ Kd5 49. a6 c4 50. Qb5+ Ke4 51. Qxc4 Ke5 52. Qxd4+ Ke6 53. Qc5 Kf6 54. Rd6+ Ke7 55. Qc7+ Ke8 56. Rd8# 1-0

[Event "Betsys MČR v online bleskovém šachu 2021"]
[Site "Chess.com"]
[Date "2021.04.17"]
[Round "3"]
[White "Hroch-hroch"]
[Black "stripe122"]
[Result "1-0"]
[WhiteElo "2276"]
[BlackElo "1789"]
[TimeControl "180+1"]
[EndTime "9:28:05 PDT"]
[Termination "Uživatel Hroch-hroch zvítězil po vzdání soupeře"]

1. e4 c5 2. Nf3 d6 3. d4 cxd4 4. Nxd4 Nf6 5. Nc3 g6 6. f4 Nc6 7. Nxc6 bxc6 8. e5 dxe5 9. Qxd8+ Kxd8 10. fxe5 Nd5 11. Nxd5 cxd5 12. Bf4 e6 13. O-O-O Bb7 14. Kb1 Bc5 15. c4 Kc7 16. cxd5 Bxd5 17. Rc1 Kb6 18. h4 Rac8 19. Rh3 Be7 20. Be3+ Kb7 21.
a3 h5 22. Bg5 Bxg5 23. hxg5 Be4+ 24. Bd3 Bxg2 25. Rh2 Bd5 26. Rxc8 Rxc8 27. Rf2 Rc7 28. Rf4 Kb6 29. b4 Rc3 30. Bc2 Rc7 31. Kb2 Kb7 32. a4 Kc8 33. Bd3 Kd8 34. a5 Rb7 35. Ka3 Ke8 36. b5 Rc7 37. Kb4 Rc1 38. b6 axb6 39.
axb6 Rb1+ 40. Kc5 Rc1+ 41. Kd4 Rc6 42. Bb5 Kd7 43. Rxf7+ Kc8 44. Bxc6 Bxc6 45. Kc5 Bd5 46. Rg7 Be4 47. b7+ Bxb7 48. Rxg6 Bd5 49. Rh6 Bf3 50. Rh7 Bg4 51. Kd6 Kb8 52. g6 Bf5 53. Rh8+ Kb7 54. g7 1-0

[Event "Betsys MČR v online bleskovém šachu 2021"]
[Site "Chess.com"]
[Date "2021.04.17"]
[Round "3"]
[White "Sandokanom"]
[Black "ghostdog777"]
[Result "0-1"]
[WhiteElo "1769"]
[BlackElo "2179"]
[TimeControl "180+1"]
[EndTime "9:28:05 PDT"]
[Termination "Uživatel ghostdog777 zvítězil po vzdání soupeře"]

1. c4 c6 2. Nc3 d5 3. cxd5 cxd5 4. d4 Nc6 5. a3 g6 6. Nf3 Bg7 7. e3 Nf6 8. Bb5 Bd7 9. O-O O-O 10. Re1 a6 11. Bd3 b5 12. h3 Qb6 13. Ne5 Be6 14.
f4 Nxe5 15. fxe5 Nd7 16. Qf3 Qb7 17. e4 Nb6 18. Bg5 Rad8 19. Rac1 Qd7 20. Red1 dxe4 21. Bxe4 Bb3 22. Rd3 Bc4 23. Rd2 Rc8 24. Bf4 Rfd8 25. d5 Qa7 26. Kh2 e6 27. d6 Nd7 28.
Qg3 Qc5 29. b4 Qa7 30. Bf3 h6 31. h4 Rf8 32. Ne4 f5 33. exf6 Nxf6 34. Nxf6+ Rxf6 35. Be5 Qf7 36. Bxf6 Bxf6 37. d7 Rd8 38. Re1 Kg7 39.
Red1 Qe7 40. Bc6 Bxh4 41. Qe3 Bg5 42. Qe2 Bf6 43. Qe3 Bg5 44. Qf2 Bf6 45. Bb7 Bg5 46. Rd4 Bf6 47. R4d2 e5 48. g3 Be6 49. Bxa6 Bg4 50.
Re1 e4 51. Bxb5 Bf3 52. Re3 Qe5 53. Rxf3 exf3 54. Qxf3 Qxb5 55. Rf2 Qb6 56. Re2 Rxd7 57. Re7+ Rxe7 0-1

[Event "Betsys MČR v online bleskovém šachu 2021"]
[Site "Chess.com"]
[Date "2021.04.17"]
[Round "3"]
[White "Koli05"]
[Black "Gicko13"]
[Result "1-0"]
[WhiteElo "1778"]
[BlackElo "2038"]
[TimeControl "180+1"]
[EndTime "9:28:05 PDT"]
[Termination "Uživatel Koli05 zvítězil na čas"]

1. d4 d5 2. c4 e6 3. Nc3 Nf6 4. cxd5 exd5 5. Bg5 Be7 6. e3 O-O 7. Bd3 c6 8. Nge2 Nbd7 9. O-O Re8 10. f3 Nf8 11. Bh4 b5 12. a3 a5 13. Qc2 Ng6 14. Bf2 Bb7 15. Rad1 Bf8 16. b3 Bxa3 17. e4 dxe4 18.
fxe4 Ng4 19. h3 Nxf2 20. Rxf2 Be7 21. Rdf1 Rf8 22. Nd1 Bg5 23. Rf5 Bc8 24. R5f2 Bd7 25. Qc5 Be7 26. Qc2 a4 27. bxa4 bxa4 28. Ndc3 a3 29. Na2 Bg5 30. Kh1 Be7 31. Bc4 Be6 32. Bxe6 fxe6 33. Qxc6 Qc8 34. Rxf8+ Nxf8 35. Rc1 Qxc6 36.
Rxc6 Rb8 37. Rc7 Bf6 38. e5 Bd8 39. Ra7 Rb2 40. Nec3 Rd2 41. Rxa3 Rxd4 42. Ra8 Be7 43. Re8 Kf7 44. Ra8 Rd3 45. Nb5 Rd5 46. Nbc3 Rxe5 47.
Ra7 Kf6 48. Kh2 Bd6 49. g3 Re1 50. Kg2 Re3 51. g4 Rg3+ 52. Kf2 Rxh3 53. Ne4+ 1-0

[Event "Betsys MČR v online bleskovém šachu 2021"]
[Site "Chess.com"]
[Date "2021.04.17"]
[Round "3"]
[White "SayQueen"]
[Black "jsebesta"]
[Result "1-0"]
[WhiteElo "1996"]
[BlackElo "1612"]
[TimeControl "180+1"]
[EndTime "9:28:07 PDT"]
[Termination "Uživatel SayQueen zvítězil na čas"]

1. e4 Nc6 2. Nf3 d6 3. d4 Bg4 4.
Be2 Bxf3 5. Bxf3 Nf6 6. O-O e5 7. Be3 exd4 8. Bxd4 Be7 9. Nc3 O-O 10. Be3 Ne5 11.
Be2 Qd7 12. h3 c6 13. f4 Ng6 14. Qe1 Qc7 15. Rd1 Rad8 16. Bf3 b6 17. Bd4 d5 18. f5 Ne5 19. Bxe5 Qxe5 20. exd5 Qxe1 21. Rfxe1 Bc5+ 22. Kh1 cxd5 23. Nxd5 Nxd5 24. Rxd5 Rxd5 25. Bxd5 Rd8 26. c4 g6 27. f6 Kf8 28. g4 Re8 29.
Rd1 Bd6 30. Bc6 Rd8 31. Kg2 Bc7 32. Bd5 Re8 33. Kf3 Be5 34. b3 Bxf6 35. Bc6 Rd8 36. Rxd8+ Bxd8 37. Ke4 Ke7 38. Kd5 Bc7 39. Bb7 Kd7 40.
Ke4 Bd6 41. Bd5 f6 42. Bg8 h6 43. Bh7 g5 44. Kf5 Be5 45. Kg6 Ke6 46. Kxh6 Kf7 47.
Bg6+ Kf8 48. Kh7 Bg3 49. Kh6 Bf4 50. Bf5 Kf7 51. Be4 Be5 52. Bd5+ Ke7 53. Kg6 1-0